 Dungeon Crawl Stone Soup version 0.29-a0-841-g116ddc6ace (webtiles) character file.

Game seed: 6801909707948474601

108 xian the Trooper (level 4, -1/42 HPs)
             Began as a Naga Fighter on July 14, 2022.
             Killed from afar by Natasha (5 damage)
             ... with a magic dart
             ... on level 2 of the Dungeon.
             The game lasted 00:04:35 (2591 turns).

xian the Trooper (Naga Fighter)                     Turns: 2591, Time: 00:04:36

Health: -1/42      AC:  7    Str: 20    XL:     4   Next: 87%
Magic:  13/13      EV:  3    Int:  9    God:
Gold:   123        SH:  4    Dex: 10    Spells: 3/3 levels left

rFire   . . .      SeeInvis +     - Unarmed
rCold   + . .      Faith    .   b - +0 buckler
rNeg    . . .      Spirit   .   f - +0 plate armour
rPois   +          Reflect  .   (no helmet)
rElec   .          Harm     .   (no cloak)
rCorr   .          Rampage  .   (no gloves)
Will    .....                   (no barding)
Stlth   ..........              (no amulet)
HPRegen 0.14/turn               i - ring of magical power
MPRegen 0.13/turn               k - ring of protection from cold

@: very slow
A: AC +1, large, see invisible, deformed body, poison resistance, slowness 2,
spit poison 1, naga tail 1
a: Spit Poison


You were on level 2 of the Dungeon.
You visited 1 branch of the dungeon, and saw 2 of its levels.

You collected 123 gold pieces.

Inventory:

Missiles
 l - 6 poisoned darts
Armour
 b - a +0 buckler (worn)
 f - a +0 plate armour (worn)
Jewellery
 i - a ring of magical power (left hand)
 k - a ring of protection from cold (right hand)
Scrolls
 a - a scroll of magic mapping
 e - a scroll of blinking {unknown}
 g - a scroll of fear
 h - a scroll of enchant armour {unknown}
 m - a scroll of enchant weapon {unknown}
 n - a scroll of teleportation {unknown}
Potions
 c - a potion of might
 d - a potion of magic
 j - a potion of heal wounds {unknown}


   Skills:
 + Level 3.5 Fighting
 + Level 3.3 Armour
 + Level 0.2 Dodging
 + Level 2.9 Shields
 + Level 3.2 Unarmed Combat


You had 3 spell levels left.
You didn't know any spells.
Your spell library was empty.

Dungeon Overview and Level Annotations

Branches:
Dungeon (2/15)

Altars:

Annotations:
D:2 Natasha


Innate Abilities, Weirdness & Mutations

Your serpentine skin is tough. (AC +1)
You have supernaturally acute eyesight. (SInv)
Armour fits poorly on your strangely shaped body.
Your system is resistant to poisons. (rPois)
You cover ground very slowly.
You can spit poison.
You have a snake-like lower body.


Message History

Natasha is almost dead.
You block the quokka's attack.
Natasha stares at you and mumbles some strange words.
The magic dart hits you. The quokka bites you.
You hit Natasha.
Natasha is almost dead.
Natasha barely misses you.
The quokka bites you but does no damage.
You hit Natasha but do no damage.
Natasha is almost dead.
Natasha growls.
Natasha mumbles some strange words.
You block the quokka's attack.
You hit Natasha.
Natasha is almost dead.
The quokka bites you but does no damage.
Natasha casts a spell at you. The magic dart hits you.
* * * LOW HITPOINT WARNING * * *
You hit Natasha but do no damage.
Natasha is almost dead.
The quokka bites you but does no damage.
Natasha claws you but does no damage.
The quokka bites you but does no damage.
The crimson imp hits you but does no damage.
Natasha completely misses you.
You barely miss Natasha.
Natasha is almost dead.
You block the quokka's attack.
The crimson imp hits you but does no damage.
Natasha claws you.
* * * LOW HITPOINT WARNING * * *
You barely miss Natasha.
Natasha is almost dead.
The quokka bites you.
* * * LOW HITPOINT WARNING * * *
The crimson imp barely misses you.
Natasha stares at you and mumbles some strange words.
The magic dart hits you.
You die...

##.#..........
#.........#########
#.#.#.#####≈≈≈≈≈≈≈≈
#####.#.#.#####≈......
..............#≈.....
#####.#######.#≈...♣♣♣
#####.# #.#≈....$♣
......# #.#≈5....♣
####### #.'h@♣
###≈r...$♣ #≈.....♣
#≈...♣♣♣ #≈.....
#≈...... #≈≈≈≈≈≈≈≈
######### ###
###########..# #.#


You could see Natasha, a crimson imp (summoned) and a quokka.

Vanquished Creatures
  Natasha (twice) (D:2)
  An adder (D:2)
  4 dart slugs (D:1)
  An endoplasm (D:1)
  A giant cockroach (D:1)
  5 goblins (D:1)
  4 hobgoblins
  3 jackals (D:1)
  5 kobolds
  5 ball pythons
  4 bats
  3 frilled lizards (D:1)
  2 rats (D:1)
40 creatures vanquished.

Notes
Turn   | Place    | Note
-------+----------+-------------------------------------------
     0 | D:1      | xian the Naga Fighter began the quest for the Orb.
     0 | D:1      | Reached XP level 1. HP: 21/21 MP: 1/1
   241 | D:1      | Reached XP level 2. HP: 21/28 MP: 2/2
   799 | D:1      | Reached XP level 3. HP: 34/34 MP: 3/3
  1491 | D:2      | Noticed Natasha
  1510 | D:2      | Killed Natasha
  1511 | D:2      | Reached XP level 4. HP: 5/42 MP: 4/4
  2029 | D:2      | Noticed Natasha
  2048 | D:2      | Killed Natasha
  2575 | D:2      | Noticed Natasha
  2591 | D:2      | Killed from afar by Natasha

Illustrated notes

Levels and vault maps discovered:
D:1:      shiori_arrival_elements, layout_loops_corners, item_on_display_a
D:2:      layout_loops_ring, kennysheep_generic_room_16, uniq_natasha

Skill      XL: |  1  2  3 |
---------------+----------+-----
Armour         | 3 |  3.3
Unarmed Combat | 3 |  3.2
Fighting       | |  3.5
Dodging        | |  0.2
Shields        | |  2.9

Action                   |  1- 3 |  4- 6 || total
-------------------------+-------+-------++-------
Melee: Unarmed           |   108 |    64 ||   172
 Abil: Spit Poison       |     3 |     1 ||     4
  Use: Scroll            |     3 |       ||     3
Armor: Scale mail        |    45 |       ||    45
       Plate armour      |    21 |    45 ||    66
Dodge: Dodged            |    36 |    16 ||    52
Block: Buckler           |    19 |    13 ||    32

Table legend: (Time is in decaauts)
 A = Elapsed time spent in this place.
 B = Non-inter-level travel time spent in this place.
 C = Inter-level travel time spent in this place.
 D = Time resting spent in this place.
 E = Time spent auto-exploring this place.
 F = Levels seen in this place.
 G = Mean time per level.
                   A        B        C        D        E       F      G
               +--------+--------+--------+--------+--------+-----+--------+
         Total |   3155 |   3062 |     93 |      0 |   2509 |   2 | 1577.5 |
       Dungeon |   3155 |   3062 |     93 |      0 |   2509 |   2 | 1577.5 |
               +--------+--------+--------+--------+--------+-----+--------+

Top non-repeatable levels by time:
     D:1: 1815 daAuts
     D:2: 1340 daAuts
